cohdb
Replays
Latest Replays
All Replays
Popular Replays
Top Player Replays
Match Explorer
How It Works
Community
CoH3 Stats
Reddit
Sign in to upload your games and track your stats! →
Sign in with Steam
Match 45529514
Unlisted
Match 45529514
Overview
Messages
Build Orders
End
Kradschützen Motorcycle Team
Panzergrenadier Squad
Panzerpioneer Squad
250 Light Carrier
Kradschützen Motorcycle Team
Construct Light Support Kompanie
Assault Grenadier Squad
Combat Half-tracks
Assault Mechanized Group
Fire Support Elements
Construct Panzerarmee Kommand
Panzer III L Medium Tank
Pak 38 Mechanized Group
Walking Stuka Rocket Launcher
Panzer III L Medium Tank
MG34 Team
Panzer III L Medium Tank
Selects Italian Infantry
Selects Italian Infantry
Selects Guastatori Squad
Selects Defensive Operations
Selects Territory Booby Traps
Selects Obice 305mm Barrage
Walking Stuka Rocket Launcher
Tungsten Core Ammunition
Obice 305mm Barrage
Panzer III L Medium Tank
Armored Reserves
Emergency Repair Kits
Obice 305mm Barrage
Panzerpioneer Squad
Selects L6/40 Light Tank Combat Group
Selects Towed Cannone da 105/28 Field Howitzer
Panzerpioneer Squad
Flak 36 Anti-tank Gun Team
Obice 305mm Barrage
Panzer IV Assault Group
Kanade
Gamma
Kale: Son of Lettuce
tottcoys90
0
0
Comments
sign in to comment!
No comments posted yet!